 Dungeon Crawl Stone Soup version 0.27-a0-906-g0a00ce863d (webtiles) character file.

Game seed: 7177251568495779414

218 kae the Ruffian (level 5, -1/41 HPs)
             Began as a Demonspawn Gladiator on Apr 6, 2021.
             Slain by Duvessa
             ... wielding a +0 short sword
              (4 damage)
             ... on level 4 of the Dungeon.
             The game lasted 00:01:30 (4139 turns).

kae the Ruffian (Demonspawn Gladiator)              Turns: 4139, Time: 00:01:31

Health: -1/41      AC:  6    Str: 15    XL:     5   Next: 63%
Magic:  5/5        EV: 13    Int: 10    God:
Gold:   124        SH:  4    Dex: 14    Spells: 4/4 levels left

rFire    . . .     SeeInvis .     - Unarmed
rCold    . . .     Faith    .   (no shield)
rNeg     . . .     Spirit   .   a - +0 leather armour
rPois    .         Reflect  .   b - +0 helmet
rElec    .         Harm     .   (no cloak)
rCorr    +         Rampage  .   (no gloves)
Will     .....                  (no boots)
Stlth    +.........             (no amulet)
HPRegen  0.13/turn              j - ring of resist corrosion
MPRegen  0.09/turn              (no ring)

@: no status effects
A: thin metallic scales 1, spiny 1, condensation shield
a: no special abilities


You were on level 4 of the Dungeon.
You visited 1 branch of the dungeon, and saw 4 of its levels.

You collected 124 gold pieces.

Inventory:

Missiles
 c - 3 throwing nets (quivered)
Armour
 a - a +0 leather armour (worn)
 b - a +0 helmet (worn)
Jewellery
 j - a ring of resist corrosion (left hand)
 k - a +4 ring of protection
 l - a ring of wizardry
Scrolls
 i - 2 scrolls of magic mapping
 n - 2 scrolls of identify
Potions
 d - 3 potions of curing
 e - a potion of resistance
 f - a potion of mutation {unknown}
 g - 2 potions of heal wounds {unknown}
 h - a potion of attraction {unknown}
 m - a potion of flight {unknown}


   Skills:
 + Level 3.3 Fighting
 - Level 1.7 Throwing
 + Level 3.7 Dodging
 * Level 4.5 Unarmed Combat


You had 4 spell levels left.
You didn't know any spells.
Your spell library was empty.

Dungeon Overview and Level Annotations

Branches:
Dungeon (4/15)
 Temple: D:4-7

Altars:

Annotations:
D:3 2 transporters, p0werm0de's ghost, weakling GrFi
D:4 Dowan; Duvessa


Innate Abilities, Weirdness & Mutations

You are partially covered in thin metallic scales. (AC +2)
You are partially covered in sharp spines.
A meltable shield of frost defends you. (SH +4)


Message History

Duvessa, Sister of Dowan comes into view.
She is wielding a +0 short sword.
Duvessa shouts!
Dowan, Brother of Duvessa comes into view.
He is wielding a +0 dagger.
You hit Duvessa but do no damage.
There are monsters nearby!
There are monsters nearby!
You hit Duvessa.
Duvessa is lightly wounded.
Duvessa hits you with a +0 short sword!
Dowan points at Duvessa and mumbles some strange words.
Duvessa seems to speed up.
You hit Duvessa but do no damage.
Duvessa is lightly wounded.
Duvessa closely misses you.
There are monsters nearby!
You hit Duvessa but do no damage.
Duvessa is lightly wounded.
Duvessa hits you with a +0 short sword. You block Duvessa's attack.
Dowan is struck by your spines. Dowan hits you but does no damage.
You are too injured to fight recklessly!
You are too injured to fight recklessly!
You are too injured to fight recklessly!
You are too injured to fight recklessly!
You are too injured to fight recklessly!
You are too injured to fight recklessly!
You are too injured to fight recklessly!
You punch Duvessa!
Duvessa is moderately wounded.
Duvessa is struck by your spines. Duvessa hits you with a +0 short sword!
Dowan hits you with a +0 dagger.
* * * LOW HITPOINT WARNING * * *
You hit Duvessa but do no damage.
Duvessa is moderately wounded.
Duvessa is struck by your spines. Duvessa hits you with a +0 short sword.
* * * LOW HITPOINT WARNING * * *
Dowan casts a spell at you. The puff of frost hits you.
* * * LOW HITPOINT WARNING * * *
Duvessa hits you with a +0 short sword.
You die...

*,,,,,,,,,,,,,,,,,** *,,,,*
*,**,,***,**,*,,,** **,***
*,**,,* *,**,*#+#* *,*
*,**,,***,**,*#.# *,*
*,**,,,,,>*#,*#.# *,*
*,**,**,,,*#.##.##### *,*
*,**,**,#.##.#......** *,*
*,,,,,,,#.......ee##,* *,*
****,,****#.....@..#.##**,*
**,,,*...###.........,,*
***,*,*** #.#...####***
*,,,* #.##### ***** #.# #.#
#.# #.# #.#


You could see Duvessa (fast) and Dowan.

Vanquished Creatures
  A phantom (D:4)
  An orc wizard (D:3)
  An adder (D:2)
  A worm (D:3)
  2 dart slugs
  11 orcs
  7 ball pythons
  6 bats
  7 endoplasms
  5 giant cockroaches
  6 goblins
  11 hobgoblins
  6 jackals
  4 kobolds
  4 quokkas
  6 frilled lizards
  6 rats
85 creatures vanquished.

Notes
Turn   | Place    | Note
-------+----------+-------------------------------------------
     0 | D:1      | kae the Demonspawn Gladiator began the quest for the Orb.
     0 | D:1      | Reached XP level 1. HP: 16/16 MP: 1/1
   168 | D:1      | Reached skill level 3 in Unarmed Combat
   168 | D:1      | Gained mutation: A meltable shield of frost defends you.
                  | (SH +4) [demonic ancestry]
   168 | D:1      | Reached XP level 2. HP: 19/22 MP: 2/2
   612 | D:1      | Gained mutation: You are partially covered in sharp spines.
                  | [demonic ancestry]
   612 | D:1      | Reached XP level 3. HP: 15/28 MP: 3/3
  1924 | D:2      | Found a faded altar of an unknown god.
  2232 | D:3      | Gained mutation: You are partially covered in thin metallic
                  | scales. (AC +2) [demonic ancestry]
  2232 | D:3      | Reached XP level 4. HP: 34/34 MP: 4/4
  2946 | D:3      | Reached skill level 4 in Unarmed Combat
  3000 | D:3      | Noticed a centaur
  3001 | D:3      | Noticed p0werm0de's ghost (weakling GrFi)
  3061 | D:3      | Found a transporter.
  3068 | D:3      | Found a transporter.
  3568 | D:4      | Noticed a phantom
  3585 | D:4      | Killed a phantom
  3586 | D:4      | Reached XP level 5. HP: 24/41 MP: 5/5
  4132 | D:4      | Noticed Duvessa
  4132 | D:4      | Noticed Dowan
  4139 | D:4      | Slain by Duvessa

Illustrated notes

Levels and vault maps discovered:
D:1:      lightli_arrival_noodles, layout_basic, serial_corexii_hall,
          corexii_hall_statues_x, corexii_hall_statues_s,
          corexii_hall_statues_l, chequers_hall_statues_corner_a
D:2:      layout_basic, basic_ecumenical_altar, minmay_lizard_pond
D:3:      layout_loops_corners, gammafunk_ghost_arena
D:4:      layout_loops_corners, gammafunk_temple_overflow_wave, uniq_duvessa

Skill      XL: |  1  2  3  4 |
---------------+-------------+-----
Unarmed Combat | 3 4 |  4.5
Dodging        | 3 |  3.7
Fighting       | 3 |  3.3
Throwing       | |  1.7

Action                   |  1- 3 |  4- 6 || total
-------------------------+-------+-------++-------
Melee: Unarmed           |   155 |   112 ||   267
       Punch             |     3 |     2 ||     5
  Use: Scroll            |     5 |     1 ||     6
 Stab: Sleeping          |     2 |       ||     2
Armor: Leather armour    |    31 |    25 ||    56
Dodge: Dodged            |    77 |    47 ||   124
Block: Other             |    17 |    15 ||    32

Table legend: (Time is in decaauts)
 A = Elapsed time spent in this place.
 B = Non-inter-level travel time spent in this place.
 C = Inter-level travel time spent in this place.
 D = Time resting spent in this place.
 E = Time spent auto-exploring this place.
 F = Levels seen in this place.
 G = Mean time per level.
                   A        B        C        D        E       F      G
               +--------+--------+--------+--------+--------+-----+--------+
         Total |   4122 |   4022 |    100 |    463 |   3082 |   4 | 1030.5 |
       Dungeon |   4122 |   4022 |    100 |    463 |   3082 |   4 | 1030.5 |
               +--------+--------+--------+--------+--------+-----+--------+

Top non-repeatable levels by time:
     D:2: 1318 daAuts
     D:1: 1250 daAuts
     D:3: 984 daAuts
     D:4: 569 daAuts
